AoeStats
← 路边的野人

Nomad

510304340Analyzed
4v4 RM · 1d ago on Sep 30, 2026· 43m 58s· 8 players
Game mode
Random Map
Map size
231×231
Population
200
Speed
Normal
Resources
Standard
Victory
Conquest
Starting age
Dark Age
Ending age
Imperial Age
RankedLock teamsTeams togetherTeam positionsShared explorationLock speedFull tech treeHidden civsTurbo modeCheats
Victory
Defeat
🇨🇳 Spanish · China
1617
+7
🇨🇳 Maya · China
1536
+10
🇨🇳 Bulgarians · China
1359
+17
🇨🇳 Japanese · China
1324
+17
🇨🇳 Wu · China
1418
-14
1415
-14
🇺🇸 Danes · United States
1387
-13
🇨🇳 Shu · China
1315
-10
busy pushing deer
14:21 Feudal Age
18:33 Castle Age
16:25 Double-Bit Axe
17:08 Fishing Lines
18:00 Gold Mining
19:35 Bow Saw
19:51 Medium Warships
20:27 Loom
21:18 Wheelbarrow
20:29 Town Watch
26:46 Gillnets
29:17 Ballistics
30:16 Scale Mail Armor
30:48 Horse Collar
31:28 Squires
31:50 Chain Mail Armor
31:45 Forging
37:59 Iron Casting
36:47 Hamask
39:53 Guard Tower
44:26 Imperial Age
Mambobo
8:08 Loom
13:30 Feudal Age
15:03 Gold Mining
15:35 Fishing Lines
18:39 Castle Age
18:34 Town Watch
19:07 Forging
18:57 Scale Mail Armor
20:37 Iron Casting
21:00 Squires
35:07 Arson
野 人
5:19 Loom
13:31 Feudal Age
19:12 Castle Age
17:31 Gold Mining
17:27 Double-Bit Axe
18:04 Stone Mining
20:55 Fletching
21:38 Bodkin Arrow
26:46 Guard Tower
32:45 Murder Holes
38:15 Imperial Age
36:28 Ballistics
35:47 Crossbowman
36:18 Horse Collar
37:11 Padded Archer Armor
38:25 Treadmill Crane
38:27 Arbalester
39:22 Bracer
40:23 Chemistry
39:45 Bow Saw
40:21 Thumb Ring
40:59 Siege Engineers
41:06 Siege Engineers
41:39 Leather Archer Armor
43:25 Two-Man Saw
42:39 Masonry
43:19 Guilds
44:17 Architecture
打架少个人,舔包多双手
3:35 Loom
13:55 Feudal Age
15:23 Fishing Lines
18:01 Castle Age
15:55 Double-Bit Axe
16:45 Stone Mining
18:51 Bow Saw
19:28 Gillnets
20:17 Horse Collar
26:53 Heavy Plow
29:06 Wheelbarrow
30:31 Scale Barding Armor
31:25 Hand Cart
31:24 Husbandry
31:38 Gold Mining
31:59 Town Watch
35:53 Imperial Age
34:46 Bloodlines
35:00 Chain Barding Armor
34:50 Forging
35:22 Murder Holes
37:39 Iron Casting
37:48 Conscription
38:41 Two-Man Saw
39:12 Plate Barding Armor
39:37 Blast Furnace
39:15 Crop Rotation
40:31 Fletching
40:44 Cavalier
43:34 Gold Shaft Mining
43:48 Elite War Elephant
小白妈妈
11:14 Loom
13:15 Feudal Age
14:25 Town Watch
15:04 Double-Bit Axe
17:33 Castle Age
17:09 Horse Collar
17:28 Gold Mining
17:51 Fletching
19:07 Wheelbarrow
18:44 Bow Saw
18:11 Crossbowman
21:38 Padded Archer Armor
21:39 Bodkin Arrow
26:18 Horse Collar
28:44 Hand Cart
35:10 Eagle Warrior
35:52 Scale Mail Armor
39:49 Ballistics
42:34 Imperial Age
40:44 Treadmill Crane
42:51 Padded Archer Armor
43:03 Masonry
42:37 Arbalester
43:19 Bracer
44:27 Chemistry
C15-kyosokyoku
5:00 Loom
14:14 Feudal Age
17:45 Castle Age
16:08 Double-Bit Axe
19:02 Bow Saw
21:08 Padded Archer Armor
27:24 Horse Collar
29:15 Leather Archer Armor
31:32 Fishing Lines
33:34 Heavy Plow
33:52 Fletching
36:00 Wheelbarrow
39:20 Imperial Age
37:09 Gold Mining
38:37 Stone Mining
42:25 Ring Archer Armor
42:31 Elite Conquistador
43:10 Bodkin Arrow
44:27 Conscription
路边的野人
4:10 Loom
13:19 Feudal Age
15:38 Fletching
21:30 Double-Bit Axe
24:37 Castle Age
23:09 Stone Mining
23:22 Horse Collar
25:48 Heavy Plow
25:59 Bow Saw
28:48 Scale Mail Armor
28:58 Forging
29:21 Man-at-Arms
35:03 Imperial Age
32:33 Gold Mining
32:15 Long Swordsman
33:12 Chain Mail Armor
33:32 Iron Casting
33:59 Gold Shaft Mining
34:24 Gambesons
36:15 Plate Mail Armor
35:12 Two-Handed Swordsman
37:02 Blast Furnace
36:04 Champion
40:37 Arson
40:52 Squires
43:02 Pikeman
名奈奈奈
5:08 Loom
15:20 Feudal Age
21:13 Castle Age
22:04 Double-Bit Axe
32:28 Horse Collar
34:20 Medium Warships
35:42 Wheelbarrow
35:18 Scale Mail Armor
35:29 Forging
39:34 Squires
41:49 Wheelbarrow
Connection lost

Rejoining the realm…

Still unreachable

The connection could not be restored.

Session expired

The server has moved on; the page needs a fresh start.